 Dungeon Crawl Stone Soup version 0.28.0-53-g5a82cb258f (webtiles) character file.

Game seed: 5302443881452915418

43 Jerry the Chucker (level 3, -2/35 HPs)
             Began as a Troll Hunter on June 24, 2022.
             Slain by an orc
             ... wielding a +0 hand axe
              (5 damage)
             ... on level 3 of the Dungeon.
             The game lasted 00:05:48 (1579 turns).

Jerry the Chucker (Troll Hunter)                    Turns: 1579, Time: 00:05:48

Health: -2/35      AC:  4    Str: 22    XL:     3   Next: 37%
Magic:  2/2        EV: 10    Int:  7    God:
Gold:   121        SH:  0    Dex: 10    Spells: 2/2 levels left

rFire   . . .      SeeInvis .   e - +0 whip
rCold   . . .      Faith    .   (no shield)
rNeg    . . .      Spirit   .   b - +0 robe
rPois   .          Reflect  .   (helmet restricted)
rElec   .          Harm     .   (no cloak)
rCorr   .          Rampage  .   (gloves unavailable)
Will    .....                   (boots unavailable)
Stlth   +.........              (no amulet)
HPRegen 0.91/turn               (no ring)
MPRegen 0.08/turn               (no ring)

@: no status effects
A: large, unfitting armour, claws 3, regeneration 1, shaggy fur 1, tough skin 1
a: no special abilities


You were on level 3 of the Dungeon.
You visited 1 branch of the dungeon, and saw 3 of its levels.

You collected 121 gold pieces.

Inventory:

Hand Weapons
 a - a +0 short sword
 e - a +0 whip (weapon)
Missiles
 c - 5 large rocks (quivered)
 d - 2 throwing nets
Armour
 b - a +0 robe (worn)
Scrolls
 f - 3 scrolls of teleportation {unknown}
 g - 3 scrolls of identify {unknown}
Potions
 h - 2 potions of haste {unknown}
 i - a potion of brilliance {unknown}
 j - a potion of flight {unknown}
 k - 2 potions of degeneration {unknown}


   Skills:
 - Level 1.8 Fighting
 * Level 1.5 Maces & Flails
 + Level 3.9 Throwing
 + Level 2.1 Dodging
 - Level 0.3 Stealth


You had 2 spell levels left.
You didn't know any spells.
Your spell library was empty.

Dungeon Overview and Level Annotations

Branches:
Dungeon (3/15)

Altars:


Innate Abilities, Weirdness & Mutations

You are too large for most types of armour.
You have claws for hands.
Your natural rate of healing is unusually fast.
You are covered in fur. (AC +1)
You have tough skin. (AC +1)


Message History

Reactivating autopickup.
The orc closely misses you.
There is a stone staircase leading up here.
You hit the orc.
The orc is moderately wounded.
The orc hits you with a +0 dagger. The orc hits you with a +0 hand axe.
You bump into the rock wall.
The orc hits you but does no damage. The orc closely misses you.
You barely miss the orc.
The orc is moderately wounded.
The orc hits you with a +0 dagger. The orc barely misses you.
You bump into the rock wall.
You feel less confused. The orc hits you with a +0 dagger.
The orc hits you with a +0 hand axe.
You hit the orc.
The orc is almost dead.
The orc hits you but does no damage. The orc hits you with a +0 hand axe.
* * * LOW HITPOINT WARNING * * *
You hit the orc.
You kill the orc!
The orc hits you but does no damage.
You hit the orc but do no damage. You barely miss the orc.
The orc closely misses you.
You closely miss the orc. The orc hits you but does no damage.
The orc barely misses you.
You hit the orc.
The orc is heavily wounded.
The orc hits you with a +0 hand axe. x2
* * * LOW HITPOINT WARNING * * *
You hit the orc but do no damage.
The orc is heavily wounded.
The orc hits you with a +0 hand axe.
* * * LOW HITPOINT WARNING * * *
The orc closely misses you.
You barely miss the orc.
The orc is heavily wounded.
The orc hits you with a +0 hand axe.
* * * LOW HITPOINT WARNING * * *
The orc hits you with a +0 hand axe.
You die...

## ###
#.##@######
#.)oo.......
#.##........
...
#########
#.#.. # #..
###


You could see 2 orcs.

Vanquished Creatures
  An adder (D:2)
  A dart slug (D:1)
  2 orcs (D:3)
  3 endoplasms
  2 giant cockroaches (D:1)
  4 goblins
  3 hobgoblins
  4 kobolds
  A quokka (D:1)
  A bat (D:1)
  A frilled lizard (D:2)
  3 rats
26 creatures vanquished.

Notes
Turn   | Place    | Note
-------+----------+-------------------------------------------
     0 | D:1      | Jerry the Troll Hunter began the quest for the Orb.
     0 | D:1      | Reached XP level 1. HP: 19/19 MP: 0/0
   125 | D:1      | Reached XP level 2. HP: 27/28 MP: 1/1
   690 | D:2      | Reached skill level 1 in Maces & Flails
   875 | D:2      | Reached XP level 3. HP: 35/35 MP: 2/2
   918 | D:2      | Found a faded altar of an unknown god.
  1579 | D:3      | Slain by an orc

Illustrated notes

Levels and vault maps discovered:
D:1:      saegor_arrival_simple_b, layout_basic
D:2:      layout_basic, shapermc_ecumenical_altar_mp_highgroup,
          chequers_serial_rivers_micro_c
D:3:      layout_basic, kiku_gazebo_garden_becter, uniq_terence

Skill      XL: |  1  2 |
---------------+-------+-----
Maces & Flails | 1 |  1.5
Dodging        | 2 |  2.1
Fighting       | |  1.8
Throwing       | |  3.9
Stealth        | |  0.3

Action                   || total
-------------------------++-------
Melee: Short sword       ||    17
       Whip              ||   121
Throw: Large rock        ||     1
 Stab: Sleeping          ||     1
Armor: Robe              ||    45
Dodge: Dodged            ||    49
